AoeStats
← 81danchoi

Nomad

509578657Analyzed
4v4 RM · 6d ago on Sep 27, 2026· 29m 50s· 8 players
Game mode
Random Map
Map size
231×231
Population
200
Speed
Normal
Resources
Standard
Victory
Conquest
Starting age
Dark Age
Ending age
Imperial Age
RankedLock teamsTeams togetherTeam positionsShared explorationLock speedFull tech treeHidden civsTurbo modeCheats
Victory
Defeat
🇮🇹 Danes · Italy
1875
+17
🇻🇳 Saxons · Vietnam
1848
+18
🇨🇳 Persians · China
1815
+20
🇻🇳 Britons · Vietnam
1754
+23
🇹🇼 Tupi · Taiwan
1960
-21
🇹🇼 Saxons · Taiwan
1882
-19
🇹🇼 Varangians · Taiwan
1880
-19
🇹🇼 Bengalis · Taiwan
1878
-19
OS | dreamerion92
10:57 Feudal Age
12:03 Double-Bit Axe
12:31 Man-at-Arms
13:46 Arson
15:06 Loom
15:46 Town Watch
18:11 Fishing Lines
26:16 Castle Age
26:31 Gold Mining
27:12 Bow Saw
27:18 Medium Warships
27:26 Gillnets
81danchoi
5:21 Loom
14:14 Feudal Age
14:56 Town Watch
27:49 Castle Age
25:50 Fletching
26:26 Stone Mining
26:26 Double-Bit Axe
28:30 Bodkin Arrow
29:59 Guard Tower
saymynameBook
5:10 Loom
13:14 Feudal Age
13:41 Town Watch
16:48 Castle Age
15:40 Double-Bit Axe
16:46 Fletching
17:52 Bow Saw
22:16 Padded Archer Armor
26:09 Fishing Lines
27:30 Scale Mail Armor
27:27 Bodkin Arrow
27:48 Leather Archer Armor
28:44 Squires
29:21 Horse Collar
十大地方
12:28 Feudal Age
13:00 Double-Bit Axe
13:07 Loom
17:02 Castle Age
16:49 Forging
18:06 Wheelbarrow
16:55 Light Cavalry
18:29 Bow Saw
20:43 Horse Collar
29:22 Fletching
30:19 Bodkin Arrow
30:24 Padded Archer Armor
[LuB]夢夢
5:57 Loom
14:28 Feudal Age
17:43 Fletching
20:28 Castle Age
20:08 Town Watch
25:02 Bodkin Arrow
DemonSheep
13:24 Feudal Age
12:24 Loom
17:08 Castle Age
15:10 Double-Bit Axe
15:31 Fletching
15:23 Fishing Lines
16:50 Padded Archer Armor
16:48 Town Watch
17:46 Bodkin Arrow
17:12 Crossbowman
23:42 Pikeman
28:49 Bloodlines
GKT_Cloud
10:05 Loom
12:16 Feudal Age
13:00 Double-Bit Axe
23:04 Castle Age
21:34 Scale Mail Armor
LeeChia
5:38 Loom
12:40 Feudal Age
13:16 Town Watch
14:38 Fletching
Connection lost

Rejoining the realm…

Still unreachable

The connection could not be restored.

Session expired

The server has moved on; the page needs a fresh start.